 Dungeon Crawl Stone Soup version 0.29.1-2-gbd0b4ee654 (webtiles) character file.

Game seed: 18096247870739206822

254 Icepheonix32 the Reanimator (level 5, 0/28 HPs)
             Began as a Deep Elf Necromancer on Oct 31, 2022.
             Slain by an orc wizard
             ... wielding a +0 dagger
              (4 damage)
             ... on level 4 of the Dungeon.
             The game lasted 00:05:26 (3196 turns).

Icepheonix32 the Reanimator (Deep Elf Necromancer)  Turns: 3196, Time: 00:05:27

Health: 0/28       AC:  4    Str:  7    XL:     5   Next: 90%
Magic:  0/10       EV: 12    Int: 20    God:
Gold:   95         SH:  0    Dex: 15    Spells: 1/10 levels left

rFire   + . .      SeeInvis .   l - +2 dagger (flame)
rCold   . . .      Faith    .   (no shield)
rNeg    . . .      Spirit   .   a - +0 robe
rPois   .          Reflect  .   (helmet restricted)
rElec   .          Harm     .   i - +0 cloak
rCorr   .          Rampage  .   q - +0 pair of gloves
Will    .....                   (no boots)
Stlth   ++........              (no amulet)
HPRegen 0.09/turn               (no ring)
MPRegen 0.12/turn               (no ring)

@: flying
A: antennae 1, fire resistance 1, low MP 1, MP-powered wands
a: no special abilities


You were on level 4 of the Dungeon.
You visited 1 branch of the dungeon, and saw 5 of its levels.

You collected 137 gold pieces.
You spent 42 gold pieces at shops.

Inventory:

Hand Weapons
 f - a +0 short sword
 l - a +2 dagger of flaming (weapon)
 m - a +2 hammer of protection
 p - a +3 quarterstaff of chaos
 w - a +1 antimagic lajatang
Missiles
 v - 4 datura-tipped darts
Armour
 a - a +0 robe (worn)
 i - a +0 cloak (worn)
 q - a +0 pair of gloves (worn)
Wands
 s - a wand of flame (9)
Scrolls
 c - 5 scrolls of identify
 e - 3 scrolls of noise {unknown}
 g - a scroll of blinking
 h - a scroll of teleportation {unknown}
 o - a scroll of fog {unknown}
 u - 2 scrolls of immolation {unknown}
Potions
 j - a potion of flight
 k - a potion of heal wounds {unknown}
 n - a potion of degeneration {unknown}
 r - a potion of cancellation {unknown}
 t - a potion of lignification {unknown}
 x - 2 potions of invisibility {unknown}


   Skills:
 - Level 2.4 Dodging
 - Level 2.4 Stealth
 - Level 3.0 Spellcasting
 + Level 8.7 Necromancy


You had one spell level left.
You knew the following spells:

 Your Spells              Type           Power      Damage    Failure   Level
a - Necrotise             Necr           100%       1d9       1%          1
b - Vampiric Draining     Necr           37%        2d8       1%          3
c - Agony                 Necr           37%        N/A       11%         5

Your spell library contained the following spells:

 Spells                   Type           Power      Damage    Failure   Level
 Shock                    Conj/Air       12%        1d3       14%         1
 Animate Dead             Necr           37%        N/A       4%          4
 Swiftness                Air            3%         N/A       38%         3
 Airstrike                Air            1%         2d(1-17)  80%         4


Dungeon Overview and Level Annotations

Branches:
Dungeon (5/15)
 Temple: D:4-7

Altars:
Nemelex Xobeh
Xom

Shops:
D:1 !


Innate Abilities, Weirdness & Mutations

You have a pair of small antennae on your head.
Your flesh is heat resistant. (rF+)
Your magical capacity is low. (-10% MP)
You expend magic power (3 MP) to strengthen your wands.


Message History

* * * LOW HITPOINT WARNING * * *
The orc hits you but does no damage.
Unknown command.
Casting: Vampiric Draining (safe; 1% risk of failure)
Confirm with . or Enter, or press ? or * to list all spells.
Aiming: Vampiric Draining (safe; 1% risk of failure)
Press: ? - help, Shift-Dir - straight line, f/p - orc
Aim: an orc, wielding a +0 morningstar and wearing a +0 leather armour (severely wounded)
You draw life force from the orc!
You kill the orc!
You feel life coursing into your body. The orc wizard completely misses you.
Casting: Vampiric Draining (safe; 1% risk of failure)
Confirm with . or Enter, or press ? or * to list all spells.
Aiming: Vampiric Draining (safe; 1% risk of failure)
Press: ? - help, Shift-Dir - straight line, f - orc wizard
Aim: an orc wizard, wielding a +0 dagger and wearing a +0 robe (moderately wounded)
You draw life force from the orc wizard.
You feel life coursing into your body. The orc wizard misses you.
Unknown command.
Casting: Vampiric Draining (safe; 1% risk of failure)
Confirm with . or Enter, or press ? or * to list all spells.
You don't have enough magic to cast this spell.
Unknown command.
Casting: Vampiric Draining (safe; 1% risk of failure)
Confirm with . or Enter, or press ? or * to list all spells.
Aiming: Necrotise (safe; 1% risk of failure)
Press: ? - help, Shift-Dir - straight line, f/p - orc wizard
Aim: an orc wizard, wielding a +0 dagger and wearing a +0 robe (heavily wounded, chance to affect: 83%)
The orc wizard barely resists.
The orc wizard points at you and mumbles some strange words.
The puff of flame hits you. You resist.
* * * LOW HITPOINT WARNING * * *
Casting: Necrotise (safe; 1% risk of failure)
Confirm with . or Enter, or press ? or * to list all spells.
Aiming: Necrotise (safe; 1% risk of failure)
Press: ? - help, Shift-Dir - straight line, f/p - orc wizard
Aim: an orc wizard, wielding a +0 dagger and wearing a +0 robe (heavily wounded, chance to affect: 83%)
The orc wizard writhes in agony.
The orc wizard hits you with a +0 dagger.
You die...

#..#
#..# .
#..#
..#
#..#
..
#..#
#.#..#
#..))#
#o@#
####


You could see an orc wizard.

Vanquished Creatures
  A hound (D:4)
  Crazy Yiuf (D:2)
  Jessica (D:2)
  Terence (D:2)
  Ijyb (D:3)
  5 adders
  A worm (D:3)
  2 dart slugs
  4 orcs
  10 ball pythons
  3 bats
  4 endoplasms
  3 giant cockroaches
  5 goblins
  6 hobgoblins
  2 jackals (D:1)
  4 quokkas (D:1)
  3 frilled lizards
  4 kobolds
  5 rats
66 creatures vanquished.

Vanquished Creatures (collateral kills)
  An endoplasm (D:2)
  A ball python (D:4)
2 creatures vanquished.

Grand Total: 68 creatures vanquished

Notes
Turn   | Place    | Note
-------+----------+-------------------------------------------
     0 | D:1      | Icepheonix32 the Deep Elf Necromancer began the quest for
                  | the Orb.
     0 | D:1      | Reached XP level 1. HP: 10/10 MP: 6/6
    74 | D:1      | Reached skill level 5 in Necromancy
   125 | D:1      | Found Fuomeulo's Distillery.
   129 | D:1      | Bought a potion of curing for 42 gold pieces
   256 | D:1      | Reached XP level 2. HP: 15/15 MP: 6/8
   755 | D:1      | Reached skill level 6 in Necromancy
   876 | D:1      | Reached XP level 3. HP: 19/19 MP: 5/9
  1397 | D:2      | Noticed Terence
  1402 | D:2      | Killed Terence
  1403 | D:2      | Reached skill level 7 in Necromancy
  1403 | D:2      | Reached XP level 4. HP: 24/24 MP: 6/10
  1407 | D:2      | Learned a level 3 spell: Vampiric Draining
  1602 | D:2      | Found a faded altar of an unknown god.
  1725 | D:2      | Noticed Jessica
  1729 | D:2      | Killed Jessica
  1794 | D:2      | Reached XP level 5. HP: 28/28 MP: 9/11
  1827 | D:2      | Found a runed translucent door.
  1834 | D:2      | Learned a level 5 spell: Agony
  1834 | D:2      | Noticed Crazy Yiuf
  1839 | D:2      | Gained mutation: You expend magic power (3 MP) to
                  | strengthen your wands. [potion of mutation]
  1839 | D:2      | Gained mutation: Your flesh is heat resistant. (rF+)
                  | [potion of mutation]
  1839 | D:2      | Gained mutation: Your magical capacity is low. (-10% MP)
                  | [potion of mutation]
  1839 | D:2      | Gained mutation: You have a pair of small antennae on your
                  | head. [potion of mutation]
  1841 | D:2      | Killed Crazy Yiuf
  2344 | D:3      | Reached skill level 8 in Necromancy
  2526 | D:3      | Noticed Ijyb
  2532 | D:3      | Found a sparkling altar of Nemelex Xobeh.
  2537 | D:3      | Paralysed by Ijyb for 3 turns
  2547 | D:3      | Killed Ijyb
  2993 | D:4      | Found a shimmering altar of Xom.
  2997 | D:4      | Found a shimmering altar of Xom.
  2998 | D:4      | Found a shimmering altar of Xom.
  2998 | D:4      | Found a shimmering altar of Xom.
  2998 | D:4      | Found a shimmering altar of Xom.
  2998 | D:4      | Found a shimmering altar of Xom.
  2998 | D:4      | Found a shimmering altar of Xom.
  2999 | D:4      | Found a shimmering altar of Xom.
  3001 | D:4      | Found a shimmering altar of Xom.
  3180 | D:5      | Entered Level 5 of the Dungeon
  3196 | D:4      | Slain by an orc wizard

Illustrated notes

Levels and vault maps discovered:
D:1:      minmay_arrival_glassed_features, layout_basic, serial_shops,
          nicolae_shop_statue_plus, serial_glass, glass_columns_a,
          glass_columns_a, minmay_circled_x
D:2:      layout_basic, basic_ecumenical_altar, nrook_mini_vaults, uniq_jessica,
          uniq_terence, uniq_crazy_yiuf_cottage
D:3:      layout_basic, nemelex_dance_club_becter, uniq_ijyb
D:4:      layout_basic, xom_redecorated, chequers_arboretum,
          nicolae_shop_gadgets
D:5:      layout_rooms, cheibrodos_ashenzari_chains, minmay_misc_feat_cross,
          corexii_item_surrounded_by_moat

Skill      XL: |  1  2  3  4  5 |
---------------+----------------+-----
Necromancy     | 5 6 7 8 |  8.7
Dodging        | |  2.4
Stealth        | |  2.4
Spellcasting   | |  3.0

Action                   |  1- 3 |  4- 6 || total
-------------------------+-------+-------++-------
Melee: Short sword       |     2 |       ||     2
       Dagger            |       |     2 ||     2
 Cast: Necrotise         |    64 |    66 ||   130
       Vampiric Draining |       |     6 ||     6
       Agony             |       |     1 ||     1
  Use: Potion            |       |     6 ||     6
       Scroll            |       |     3 ||     3
Armor: Robe              |     3 |     9 ||    12
Dodge: Dodged            |     8 |    14 ||    22
